[ AOE2 MATCH · #475612741 ]
UnrankedMagyars vs Malay
Player's team · WIN
Rival team · LOSS
[ REPLAY ANALYSIS · EXTRACTED FROM THE RECORDED GAME ]
Feudal
9:31
Castle
18:50
Imperial
38:03
| APM avg | 32.1 |
| APM peak | 63 |
| eAPM avg | 18.2 |
| Villagers / military | 175 / 99 |
Focus
⚔️ 33.7% · 🌾 66.3%
Cavalry Archer ×61 · Scout Cavalry ×15 · Battering Ram ×6 · Demolition Raft ×6 · Trebuchet (Packed) ×5 · Magyar Huszar ×4
Feudal
8:51
Castle
16:37
Imperial
39:57
| APM avg | 21.9 |
| APM peak | 46 |
| eAPM avg | 13.1 |
| Villagers / military | 60 / 99 |
Focus
⚔️ 34.2% · 🌾 65.8%
Karambit Warrior ×52 · Skirmisher ×16 · Monk ×12 · Battering Ram ×10 · Knight ×5 · Spearman ×2
Match map
Initial resources + every placement click. Lines = walls · curves = elevation contours. ◆ gold · ⬟ stone · ● berries · ✦ relic · ◌ wall gap
Your base· ✓ Closed at 18:50 · 30t walls · no gate
JacketPaulato's base· Open — unwalled flank
Smoothed initial terrain · ◌ = detected wall gap · hover for details
Inputs per minute
— rafał - - JacketPaulato
Build order — rafał
First 150 of 394 actions detected
| 0:01 | Create | Villager (Male) |
| 0:02 | Create | Villager (Male) |
| 0:02 | Create | Villager (Male) |
| 0:05 | Build | House |
| 0:12 | Create | Villager (Male) |
| 1:26 | Build | House |
| 1:29 | Create | Villager (Male) |
| 2:06 | Build | Lumber Camp |
| 2:09 | Create | Villager (Male) |
| 2:37 | Create | Villager (Male) |
| 2:37 | Create | Villager (Male) |
| 2:55 | Create | Villager (Male) |
| 2:55 | Create | Villager (Male) |
| 3:21 | Build | House |
| 3:30 | Create | Villager (Male) |
| 3:30 | Create | Villager (Male) |
| 3:30 | Create | Villager (Male) |
| 4:13 | Create | Villager (Male) |
| 4:22 | Create | Villager (Male) |
| 4:22 | Create | Villager (Male) |
| 4:49 | Create | Villager (Male) |
| 5:05 | Create | Villager (Male) |
| 5:15 | Build | House |
| 5:18 | Build | Palisade Wall |
| 5:20 | Build | Palisade Wall |
| 5:47 | Create | Villager (Male) |
| 6:00 | Create | Villager (Male) |
| 6:23 | Create | Villager (Male) |
| 6:35 | Create | Villager (Male) |
| 6:41 | Build | Mill |
| 7:17 | Research | Loom |
| 7:21 | Research | Feudal Age |
| 8:42 | Build | Lumber Camp |
| 9:02 | Build | House |
| 9:14 | Build | House |
| 9:25 | Research | Loom |
| 9:26 | Create | Villager (Male) |
| 9:27 | Create | Villager (Male) |
| 9:31 | Age | Feudal Age |
| 9:40 | Build | House |
| 9:49 | Create | Villager (Male) |
| 10:34 | Create | Villager (Male) |
| 11:24 | Create | Villager (Male) |
| 11:31 | Research | Double-Bit Axe |
| 11:36 | Build | Barracks |
| 11:46 | Build | Palisade Wall |
| 11:51 | Build | Palisade Wall |
| 11:56 | Create | Villager (Male) |
| 12:12 | Build | Dock |
| 12:26 | Build | Market |
| 12:34 | Build | Mining Camp |
| 12:38 | Create | Villager (Male) |
| 12:38 | Create | Villager (Male) |
| 12:52 | Build | House |
| 13:04 | Create | Villager (Male) ×5 |
| 13:10 | Create | Villager (Male) |
| 13:34 | Build | Palisade Wall |
| 13:38 | Build | Palisade Wall |
| 13:44 | Build | Palisade Wall |
| 13:55 | Build | Palisade Wall |
| 13:57 | Create | Villager (Male) |
| 14:31 | Build | Farm |
| 14:33 | Build | Farm |
| 14:39 | Build | Palisade Wall |
| 14:48 | Create | Villager (Male) ×5 |
| 14:57 | Build | Farm |
| 15:04 | Build | Farm |
| 15:05 | Build | Farm |
| 15:06 | Create | Villager (Male) |
| 15:09 | Build | Farm |
| 15:12 | Build | Farm |
| 15:14 | Build | Farm |
| 15:26 | Build | Blacksmith |
| 15:32 | Create | Villager (Male) |
| 15:37 | Create | Villager (Male) ×5 |
| 15:56 | Build | Palisade Wall |
| 16:10 | Research | Castle Age |
| 16:23 | Build | Archery Range |
| 16:35 | Build | Dock |
| 16:37 | Create | Demolition Raft |
| 16:44 | Create | Fishing Ship |
| 16:54 | Build | Palisade Wall |
| 17:25 | Build | Archery Range |
| 17:50 | Create | Demolition Raft |
| 18:02 | Research | Fletching |
| 18:27 | Build | House |
| 18:50 | Age | Castle Age |
| 18:59 | Build | Town Center |
| 19:09 | Create | Cavalry Archer |
| 19:09 | Create | Cavalry Archer |
| 19:09 | Create | Cavalry Archer |
| 19:10 | Create | Cavalry Archer |
| 19:32 | Create | Villager (Male) |
| 19:33 | Create | Villager (Male) |
| 19:40 | Build | Farm |
| 19:42 | Build | Farm |
| 19:44 | Create | Cavalry Archer |
| 19:53 | Create | Villager (Male) |
| 19:53 | Create | Villager (Male) |
| 19:56 | Research | Wheelbarrow |
| 19:59 | Create | Cavalry Archer |
| 20:00 | Create | Cavalry Archer |
| 20:04 | Research | Gold Mining |
| 20:10 | Build | Outpost |
| 20:16 | Build | Outpost |
| 20:31 | Create | Cavalry Archer |
| 20:38 | Create | Villager (Male) |
| 20:39 | Create | Villager (Male) |
| 20:44 | Build | Mining Camp |
| 20:49 | Create | Cavalry Archer |
| 20:58 | Create | Villager (Male) ×5 |
| 21:02 | Create | Demolition Raft |
| 21:02 | Create | Demolition Raft |
| 21:24 | Create | Villager (Male) ×2 |
| 21:39 | Build | Farm |
| 21:41 | Build | Farm |
| 21:44 | Build | Farm |
| 21:59 | Build | House |
| 22:01 | Build | House |
| 22:02 | Build | House |
| 22:04 | Build | Farm |
| 22:06 | Research | Horse Collar |
| 22:43 | Create | Cavalry Archer |
| 22:43 | Create | Cavalry Archer |
| 22:43 | Create | Cavalry Archer |
| 22:43 | Create | Cavalry Archer |
| 22:44 | Create | Villager (Male) ×4 |
| 23:01 | Build | House |
| 23:07 | Build | Town Center |
| 23:24 | Create | Cavalry Archer |
| 23:24 | Create | Cavalry Archer |
| 23:24 | Create | Cavalry Archer |
| 23:24 | Create | Cavalry Archer |
| 23:25 | Create | Villager (Male) ×3 |
| 23:40 | Build | Farm |
| 23:41 | Build | Farm |
| 24:11 | Build | Farm |
| 24:13 | Build | Farm |
| 24:15 | Research | Heavy Plow |
| 24:22 | Create | Cavalry Archer |
| 24:22 | Create | Cavalry Archer |
| 24:23 | Create | Villager (Male) |
| 24:40 | Build | Farm |
| 24:41 | Build | Farm |
| 24:42 | Build | Farm |
| 24:45 | Create | Villager (Male) |
| 24:53 | Create | Villager (Male) |
| 24:54 | Create | Villager (Male) |
| 25:06 | Create | Villager (Male) |
| 25:14 | Create | Cavalry Archer |
Build order — JacketPaulato
First 150 of 209 actions detected
| 0:01 | Create | Villager (Male) ×4 |
| 0:04 | Build | House |
| 0:05 | Build | House |
| 1:40 | Create | Villager (Male) |
| 1:54 | Build | Lumber Camp |
| 2:24 | Create | Villager (Male) |
| 2:24 | Create | Villager (Male) |
| 2:48 | Create | Villager (Male) |
| 3:16 | Create | Villager (Male) |
| 3:50 | Build | House |
| 3:58 | Create | Villager (Male) |
| 3:59 | Create | Villager (Male) |
| 4:24 | Create | Villager (Male) |
| 4:30 | Build | Mill |
| 5:00 | Create | Villager (Male) |
| 5:39 | Create | Villager (Male) |
| 6:27 | Create | Villager (Male) |
| 7:08 | Research | Loom |
| 7:23 | Research | Feudal Age |
| 8:37 | Build | House |
| 8:38 | Build | House |
| 8:40 | Build | Barracks |
| 8:51 | Age | Feudal Age |
| 8:59 | Create | Villager (Male) |
| 9:29 | Create | Villager (Male) |
| 9:29 | Create | Villager (Male) |
| 9:38 | Build | Mining Camp |
| 9:49 | Create | Villager (Male) |
| 9:49 | Create | Villager (Male) |
| 10:18 | Create | Villager (Male) |
| 10:18 | Create | Villager (Male) |
| 10:36 | Create | Spearman |
| 10:51 | Create | Villager (Male) |
| 10:59 | Build | Stable |
| 11:31 | Research | Double-Bit Axe |
| 12:40 | Research | Horse Collar |
| 12:43 | Create | Villager (Male) |
| 12:44 | Research | Gold Mining |
| 13:49 | Create | Villager (Male) |
| 13:57 | Build | Market |
| 14:14 | Create | Villager (Male) |
| 14:37 | Build | Mining Camp |
| 14:48 | Create | Spearman |
| 14:53 | Build | House |
| 14:59 | Create | Villager (Male) |
| 15:01 | Research | Castle Age |
| 15:07 | Build | House |
| 15:08 | Build | House |
| 15:20 | Build | Mining Camp |
| 15:22 | Research | Stone Mining |
| 15:27 | Build | Farm |
| 15:29 | Build | Farm |
| 15:32 | Build | Farm |
| 16:29 | Create | Villager (Male) |
| 16:29 | Create | Villager (Male) |
| 16:31 | Create | Villager (Male) |
| 16:37 | Age | Castle Age |
| 16:54 | Build | Town Center |
| 17:04 | Create | Villager (Male) |
| 17:12 | Build | Farm |
| 17:14 | Build | Farm |
| 17:20 | Build | Farm |
| 17:23 | Build | Farm |
| 17:56 | Create | Villager (Male) |
| 18:09 | Build | House |
| 18:20 | Create | Villager (Male) |
| 18:31 | Build | Monastery |
| 18:48 | Create | Villager (Male) |
| 18:52 | Build | Farm |
| 19:35 | Create | Monk |
| 19:44 | Create | Knight |
| 19:54 | Build | Blacksmith |
| 20:08 | Create | Villager (Male) ×4 |
| 20:26 | Build | Farm |
| 20:26 | Build | Farm |
| 20:27 | Build | Farm |
| 20:28 | Build | Farm |
| 20:57 | Build | Farm |
| 21:00 | Create | Villager (Male) |
| 21:01 | Create | Villager (Male) |
| 21:07 | Build | Mining Camp |
| 21:13 | Create | Villager (Male) |
| 21:26 | Create | Knight |
| 21:26 | Create | Knight |
| 21:27 | Create | Knight |
| 21:28 | Create | Knight |
| 21:37 | Create | Villager (Male) |
| 21:58 | Create | Villager (Male) |
| 22:53 | Build | Archery Range |
| 23:02 | Build | House |
| 23:26 | Research | Scale Barding Armor |
| 23:38 | Create | Monk |
| 23:46 | Build | Archery Range |
| 24:18 | Research | Fletching |
| 25:49 | Create | Villager (Male) |
| 25:49 | Create | Villager (Male) |
| 25:53 | Research | Town Watch |
| 25:54 | Research | Wheelbarrow |
| 25:57 | Create | Monk |
| 25:58 | Create | Monk |
| 26:07 | Research | Bodkin Arrow |
| 26:50 | Create | Villager (Male) |
| 26:52 | Create | Villager (Male) |
| 27:15 | Create | Villager (Male) |
| 27:15 | Create | Villager (Male) |
| 27:25 | Create | Monk |
| 28:20 | Research | Elite Skirmisher (upgrade) |
| 28:39 | Build | Castle |
| 29:24 | Build | Castle |
| 29:33 | Create | Monk |
| 29:33 | Create | Monk |
| 29:39 | Build | Farm |
| 29:46 | Create | Villager (Male) |
| 29:46 | Create | Villager (Male) |
| 29:52 | Create | Monk |
| 29:59 | Research | Sanctity |
| 30:37 | Build | Siege Workshop |
| 30:41 | Create | Villager (Male) |
| 30:41 | Create | Villager (Male) |
| 30:45 | Create | Villager (Male) |
| 30:46 | Create | Villager (Male) |
| 30:53 | Build | House |
| 30:54 | Build | House |
| 30:57 | Build | House |
| 31:07 | Create | Villager (Male) |
| 31:08 | Create | Villager (Male) |
| 31:16 | Research | Forging |
| 31:37 | Build | Mining Camp |
| 31:40 | Create | Karambit Warrior ×5 |
| 31:43 | Create | Battering Ram |
| 31:43 | Create | Battering Ram |
| 31:44 | Create | Battering Ram |
| 31:44 | Create | Battering Ram |
| 31:44 | Create | Battering Ram |
| 32:04 | Create | Skirmisher ×5 |
| 32:13 | Create | Villager (Male) |
| 32:49 | Create | Karambit Warrior |
| 32:50 | Create | Karambit Warrior |
| 32:50 | Create | Karambit Warrior |
| 32:51 | Create | Karambit Warrior |
| 32:51 | Create | Karambit Warrior |
| 32:51 | Create | Karambit Warrior |
| 32:52 | Create | Karambit Warrior |
| 32:52 | Create | Karambit Warrior |
| 32:52 | Create | Karambit Warrior |
| 32:53 | Create | Karambit Warrior |
| 34:20 | Create | Karambit Warrior ×5 |
| 34:44 | Create | Skirmisher |
| 34:54 | Create | Skirmisher ×5 |
| 34:54 | Create | Skirmisher ×3 |
Match timeline
| 5:18 | rafał · wall_segment Palisade Wall x1 |
| 5:20 | rafał · wall_segment Palisade Wall x1 |
| 8:40 | JacketPaulato · first_building Barracks |
| 8:51 | JacketPaulato · age_up feudal |
| 9:31 | rafał · age_up feudal |
| 10:59 | JacketPaulato · first_building Stable |
| 11:36 | rafał · first_building Barracks |
| 11:46 | rafał · wall_segment Palisade Wall x1 |
| 11:51 | rafał · wall_segment Palisade Wall x1 |
| 12:12 | rafał · first_building Dock |
| 13:34 | rafał · wall_segment Palisade Wall x3 |
| 13:38 | rafał · wall_segment Palisade Wall x7 |
| 13:44 | rafał · wall_segment Palisade Wall x3 |
| 13:55 | rafał · wall_segment Palisade Wall x4 |
| 14:39 | rafał · wall_segment Palisade Wall x2 |
| 15:56 | rafał · wall_segment Palisade Wall x1 |
| 16:23 | rafał · first_building Archery Range |
| 16:37 | JacketPaulato · age_up castle |
| 16:54 | rafał · wall_segment Palisade Wall x6 |
| 17:21 | rafał · first_market_buy 100 wood |
| 18:31 | JacketPaulato · first_building Monastery |
| 18:50 | rafał · age_up castle |
| 21:22 | JacketPaulato · first_market_buy 100 food |
| 22:53 | JacketPaulato · first_building Archery Range |
| 27:15 | rafał · first_building Siege Workshop |
| 27:34 | rafał · first_building Monastery |
| 28:39 | JacketPaulato · first_building Castle |
| 30:37 | JacketPaulato · first_building Siege Workshop |
| 30:45 | rafał · first_building Castle |
| 30:59 | rafał · wall_segment Stone Wall x9 |
| 32:17 | rafał · wall_segment Stone Wall x4 |
| 32:20 | rafał · wall_segment Stone Wall x2 |
| 32:21 | rafał · wall_segment Stone Wall x8 |
| 34:41 | rafał · first_market_sell 500 wood |
| 35:29 | rafał · first_building Stable |
| 36:30 | rafał · wall_segment Stone Wall x1 |
| 36:43 | rafał · wall_segment Stone Wall x1 |
| 36:43 | rafał · wall_segment Stone Wall x2 |
| 36:44 | rafał · wall_segment Stone Wall x1 |
| 36:44 | rafał · wall_segment Stone Wall x1 |
| 36:44 | rafał · wall_segment Stone Wall x1 |
| 36:45 | rafał · wall_segment Stone Wall x2 |
| 36:45 | rafał · wall_segment Stone Wall x7 |
| 36:46 | rafał · wall_segment Stone Wall x2 |
| 36:46 | rafał · wall_segment Stone Wall x2 |
| 37:57 | JacketPaulato · first_market_sell 500 stone |
| 38:03 | rafał · age_up imperial |
| 39:57 | JacketPaulato · age_up imperial |
| 47:31 | JacketPaulato · resign |
[ AI ANALYSIS · 1 CREDIT ]
What really happened in this match?
Wolo.gg analyzes every decision: build order, eco, micro, common mistakes by bracket. Personalized analysis on WhatsApp or Discord in 30 seconds.
Civ guide
Magyars
Perfil
Jugador #9506540